 Dungeon Crawl Stone Soup version 0.30-a0-358-g0d69a1922f (webtiles) character file.

Game seed: 7235079778093554718

1647 Essalna the Grasshopper (level 8, -8/61 HPs)
             Began as an Armataur Warper on Nov 9, 2022.
             Was a Follower of Hepliaklqana.
             Mangled by an orc warrior
             ... wielding a +0 battleaxe
              (10 damage)
             ... on level 6 of the Dungeon on Nov 10, 2022.
             The game lasted 00:23:09 (8560 turns).

Essalna the Grasshopper (Armataur Warper)           Turns: 8560, Time: 00:23:10

Health: -8/61      AC:  7    Str: 15 (17) XL:     8   Next: 67%
Magic:  5/10       EV:  7    Int: 15      God:    Hepliaklqana [*.....]
Gold:   292        SH:  0    Dex:  9 (10) Spells: 5/10 levels left

rFire   + . .      SeeInvis .    a - +0 mace
rCold   + . .      Faith    .    (no shield)
rNeg    . . .      Spirit   .    h - +0 scale mail
rPois   +          Reflect  .    c - +0 helmet
rElec   .          Harm     .    v - scarf {rC+ rF+}
rCorr   .          Roll     +    (no gloves)
Will    .....                    (no barding)
Stlth   ..........               (no amulet)
HPRegen 0.30/turn                g - ring of poison resistance
MPRegen 0.12/turn                (no ring)

@: no status effects
A: reduced essence, large, rugged brown scales 3, deformed body, armoured tail,
roll, long tongue, awkward tongue
a: Renounce Religion, Recall Ancestor, Ancestor Identity


You were on level 6 of the Dungeon.
You worshipped Hepliaklqana.
Hepliaklqana was aware of your devotion.
You visited 2 branches of the dungeon, and saw 8 of its levels.

You collected 292 gold pieces.

Inventory:

Hand Weapons
 a - a +0 mace (weapon)
Missiles
 i - 2 silver boomerangs (quivered)
 o - 2 boomerangs
 s - 2 throwing nets
Armour
 b - a +0 leather armour
 c - a +0 helmet (worn)
 e - a +0 leather armour
 f - a +0 buckler
 h - a +0 scale mail (worn)
 v - a scarf of resistance (worn)
Jewellery
 g - a ring of poison resistance (left hand)
Wands
 d - a wand of charming (4)
 k - a wand of polymorph (6)
Scrolls
 j - a scroll of fear {unknown}
 l - a scroll of torment {unknown}
 m - a scroll of teleportation
 n - 2 scrolls of butterflies {unknown}
 p - a scroll of enchant armour {unknown}
 q - 5 scrolls of identify {unknown}
 r - a scroll of blinking
 t - a scroll of immolation {unknown}
 x - a scroll of acquirement {unknown}


   Skills:
 - Level 3.0 Fighting
 + Level 5.8 Maces & Flails
 - Level 0.8 Throwing
 - Level 3.1 Armour
 - Level 1.3 Dodging
 - Level 1.7 Spellcasting
 + Level 6.8 Translocations
 + Level 5.1 Air Magic


You had 5 spell levels left.
You knew the following spells:

 Your Spells              Type           Power      Damage    Failure   Level
a - Vhi's Electric Charg  Tloc/Air       38%        N/A       22%         3
b - Momentum Strike       Conj/Tloc      22%        3d8       32%         2

Your spell library contained the following spells:

 Spells                   Type           Power      Damage    Failure   Level
 Blink                    Tloc           42%        N/A       9%          2
 Lesser Beckoning         Tloc           42%        N/A       16%         3
 Teleport Other           Tloc           21%        N/A       16%         3
 Poisonous Vapours        Pois/Air       18%        N/A       41%         2
 Manifold Assault         Tloc           21%        N/A       47%         4
 Cigotuvi's Dreadful Rot  Necr/Pois/Air  12%        N/A       54%         2
 Magic Dart               Conj           4%         1d3       65%         1
 Sandblast                Erth           2%         2d4       65%         1
 Passwall                 Tmut/Erth      0%         N/A       78%         2
 Searing Ray              Conj           2%         2d4       78%         2
 Mephitic Cloud           Conj/Pois/Air  6%         N/A       78%         3
 Stone Arrow              Conj/Erth      2%         3d7       95%         3
 Fulminant Prism          Conj/Hex       0%         3d5       100%        4


Dungeon Overview and Level Annotations

Branches:
Dungeon (7/15)             Temple (1/1) D:5

Altars:
Ashenzari
Elyvilon
Gozag
Hepliaklqana
Ru
Sif Muna
Trog
Yredelemnul
The Shining One

Shops:
D:1 *   D:7 ?

Annotations:
D:3 2 transporters, Asagix's ghost, amateur HuBe


Innate Abilities, Weirdness & Mutations

Your life essence is reduced to manifest your ancestor. (-10% HP)
You are completely covered in rugged brown scales. (AC +3, +7% HP)
Armour fits poorly on your strangely shaped body.
You have a long armoured tail.
You roll when moving toward enemies. (Rampage)
Your long tongue fully drains potion bottles. (2x potion effects)
Your tongue gives you trouble enunciating. (1.5x scroll delay)


Message History

The orc warrior hits you but does no damage.
The orc warrior closely misses Lucius.
Lucius hits the orc warrior.
You slurp down every last drop of the potion of curing!
You feel better.
The orc warrior hits you with a +0 battleaxe!
* * * LOW HITPOINT WARNING * * *
The orc warrior barely misses Lucius.
Lucius hits the orc warrior but does no damage.
You hit the orc warrior but do no damage.
The orc warrior is severely wounded.
The orc warrior hits you with a +0 battleaxe.
* * * LOW HITPOINT WARNING * * *
The orc warrior hits Lucius with a +0 battleaxe!
Lucius hits the orc warrior.
You hit the orc warrior.
The orc warrior is almost dead.
The orc warrior hits you with a +0 battleaxe!
* * * LOW HITPOINT WARNING * * *
The orc warrior hits Lucius with a +0 battleaxe!
Lucius is destroyed!
You completely miss the orc warrior.
Your tail-slap misses the orc warrior.
The orc warrior is almost dead.
The orc warrior barely misses you. x2
You aren't carrying any potions.
Unknown command.
Unknown command.
Unknown command.
Okay, then.
Unknown command.
Unknown command.
You hit the orc warrior.
The orc warrior is almost dead.
The orc warrior closely misses you.
You barely miss the orc warrior.
The orc warrior is almost dead.
The orc warrior barely misses you.
You hit the orc warrior but do no damage.
The orc warrior is almost dead.
The orc warrior hits you with a +0 battleaxe!
You die...

##.#####.#.#
#..... #.#
#.#.###.#### #.#
#....####### #.#
#..###...... #.#
##.##.....##. #.#
##..#......##. #.#
#..#####......
#)###..#...#....#.
#@o..).#._.'......
#####..#...#......
#..#####......
##..#.......##
##.##........
#..###....##
##...###.##
#####...# #..##


You could see an orc warrior.

Vanquished Creatures
  2 sky beasts (D:7)
  A phantom (D:6)
  3 kobold brigands
  A gnoll sergeant (D:5)
  5 necrophages
  3 scorpions
  A howler monkey (D:6)
  5 hounds
  2 orc priests (D:6)
  Natasha (thrice) (D:2)
  2 iguanas
  An orc wizard (D:6)
  Robin (D:1)
  4 gnolls (D:5)
  5 adders
  2 shadow imps
  An ufetubus (D:5)
  A worm (D:4)
  5 dart slugs
  8 orcs
  10 endoplasms
  4 giant cockroaches
  11 goblins
  8 hobgoblins
  15 kobolds
  5 quokkas
  7 ball pythons
  7 bats
  7 frilled lizards
  7 rats
  2 bushes (D:4)
139 creatures vanquished.

Vanquished Creatures (collateral kills)
  An orc wizard (D:7)
  An orc (D:7)
  A kobold (D:7)
3 creatures vanquished.

Vanquished Creatures (others)
  An ancestor (D:6)
  2 kobolds (D:5)
  12 plants
15 creatures vanquished.

Grand Total: 157 creatures vanquished

Notes
Turn   | Place    | Note
-------+----------+-------------------------------------------
     0 | D:1      | Essalna the Armataur Warper began the quest for the Orb.
     0 | D:1      | Reached XP level 1. HP: 18/18 MP: 3/3
    12 | D:1      | Found Usij's Assorted Antiques.
   256 | D:1      | Reached XP level 2. HP: 20/25 MP: 4/4
   880 | D:2      | Reached XP level 3. HP: 17/31 MP: 5/5
   889 | D:2      | Learned a level 3 spell: Vhi's Electric Charge
  1037 | D:2      | Noticed Robin
  1096 | D:1      | Killed Robin
  1471 | D:2      | Reached XP level 4. HP: 39/39 MP: 6/6
  1647 | D:2      | Noticed Natasha
  1652 | D:2      | Killed Natasha
  1723 | D:2      | Noticed Natasha
  1731 | D:2      | Killed Natasha
  1732 | D:2      | Reached skill level 1 in Air Magic
  1736 | D:2      | Noticed Natasha
  1744 | D:2      | Killed Natasha
  1745 | D:2      | Reached XP level 5. HP: 30/44 MP: 7/7
  2205 | D:3      | Found a transporter.
  2208 | D:3      | Found a transporter.
  2209 | D:3      | Noticed Asagix's ghost (amateur HuBe)
  2585 | D:3      | Found a shimmering blue altar of Sif Muna.
  2763 | D:3      | Learned a level 2 spell: Momentum Strike
  2840 | D:4      | Reached skill level 4 in Translocations
  3108 | D:4      | Reached XP level 6. HP: 36/53 MP: 8/8
  3306 | D:4      | HP: 2/81 [iguana (6)]
  4501 | D:5      | Entered Level 5 of the Dungeon
  4545 | D:5      | Reached XP level 7. HP: 51/60 MP: 9/9
  4674 | D:5      | Reached skill level 5 in Translocations
  5071 | D:5      | Found a staircase to the Ecumenical Temple.
  5087 | Temple   | Entered the Ecumenical Temple
  5122 | Temple   | Became a worshipper of Hepliaklqana the Forgotten
  6032 | D:6      | Reached XP level 8. HP: 29/64 MP: 10/10
  6526 | D:6      | Reached skill level 5 in Maces & Flails
  6526 | D:6      | Reached skill level 6 in Translocations
  6773 | D:6      | Found a broken altar of Ashenzari.
  6870 | D:6      | Found an opulent altar of Gozag.
  7871 | D:7      | HP: 3/67 [kobold/+0 whip (3)]
  8210 | D:7      | Reached * piety under Hepliaklqana
  8305 | D:7      | Found Matteank's Magic Scroll Boutique.
  8317 | D:7      | Found a sacrificial altar of Ru.
  8318 | D:7      | Found a basalt altar of Yredelemnul.
  8321 | D:7      | Found a bloodstained altar of Trog.
  8379 | D:7      | Reached skill level 5 in Air Magic
  8556 | D:6      | HP: 1/61 [orc warrior/+0 battleaxe (13)]
  8560 | D:6      | Mangled by an orc warrior

Illustrated notes

Levels and vault maps discovered:
D:1:      ebering_hopf_link, layout_basic, serial_shops, nicolae_diamond_shop,
          serial_bayou, serial_bayou_lagoon_a, serial_bayou_pond_d,
          serial_bayou_shore_b, serial_bayou_pond_c, serial_bayou_crossing,
          serial_bayou_lake_a, chequers_garden, st_stairs_12
D:2:      minmay_skewed_foursquare, layout_basic, kennysheep_potato, uniq_robin,
          uniq_natasha
D:3:      layout_loops_ring, overflow_temple_1_default, gammafunk_ghost_arena,
          kennysheep_generic_room_7
D:4:      layout_loops_ring, lexackson_kobold_supper
D:5:      layout_basic, minmay_temple_entry_overgrown
D:6:      layout_loops_ring, nicolae_ashenzari_skybound, kennysheep_little_box
D:7:      layout_loops_ring, grunt_temple_overflow_open, serial_shops, shop
Temple:   hellmonk_temple_flake

Skill      XL: |  1  2  3  4  5  6  7  8 |
---------------+-------------------------+-----
Fighting       | 2 3 |  3.0
Maces & Flails | 2 3 4 5 |  5.8
Armour         | 2 3 |  3.1
Air Magic      | 1 2 4 5 |  5.1
Translocations | 4 5 6 |  6.8
Throwing       | |  0.8
Dodging        | |  1.3
Spellcasting   | |  1.7

Action                   |  1- 3 |  4- 6 |  7- 9 || total
-------------------------+-------+-------+-------++-------
Melee: Mace              |   157 |   475 |   328 ||   960
       Tailslap          |    15 |    86 |    39 ||   140
       Unarmed           |       |     6 |       ||     6
       Punch             |       |    12 |     2 ||    14
Throw: Boomerang         |       |     8 |       ||     8
 Cast: Momentum Strike   |       |       |     4 ||     4
       Vhi's Electric Ch |       |       |     5 ||     5
Invok: Recall Ancestor   |       |       |     1 ||     1
Evoke: Wand              |       |       |     6 ||     6
  Use: Scroll            |     4 |     1 |     1 ||     6
       Potion            |     4 |     3 |     6 ||    13
 Stab: Distracted        |     1 |       |       ||     1
       Invisible         |       |       |     2 ||     2
Armor: Leather armour    |    24 |       |       ||    24
       Scale mail        |   102 |   127 |   197 ||   426
       Skin              |    12 |    14 |    11 ||    37
Dodge: Dodged            |   110 |    82 |   108 ||   300

Table legend: (Time is in decaauts)
 A = Elapsed time spent in this place.
 B = Non-inter-level travel time spent in this place.
 C = Inter-level travel time spent in this place.
 D = Time resting spent in this place.
 E = Time spent auto-exploring this place.
 F = Levels seen in this place.
 G = Mean time per level.
                   A        B        C        D        E       F      G
               +--------+--------+--------+--------+--------+-----+--------+
         Total |   8822 |   8464 |    358 |    458 |   5968 |   8 | 1102.8 |
       Dungeon |   8761 |   8415 |    346 |    458 |   5925 |   7 | 1251.6 |
        Temple |     60 |     48 |     12 |      0 |     43 |   1 |   60.0 |
               +--------+--------+--------+--------+--------+-----+--------+

Top non-repeatable levels by time:
     D:4: 1789 daAuts
     D:6: 1748 daAuts
     D:5: 1424 daAuts
     D:1: 1198 daAuts
     D:2: 1002 daAuts
     D:7: 881 daAuts
     D:3: 716 daAuts
  Temple: 60 daAuts
